 Dungeon Sprint DCSS version 0.31-a0-703-gcfe89afef6 (webtiles) character file.

Game seed: 13193530626777233360

17388 sircluck the Brawler (level 12, -21/144 HPs)
             Began as a Troll Berserker on Sept 8, 2023.
             Was a High Priest of Trog.
             Demolished by an azure jelly (28 damage)
             ... in the Dungeon (Sprint III: "The Ten Rune Challenge").
             The game lasted 00:05:15 (1523 turns).

sircluck the Brawler (Troll Berserker)              Turns: 1523, Time: 00:05:15

Health: -21/144    AC:  4    Str: 32    XL:     12   Next: 18%
Magic:  11/11      EV: 14    Int:  3    God:    Trog [*****.]
Gold:   51         SH:  0    Dex:  9    Spells: 11/11 levels left

rFire   . .          .
                       - Unarmed
rCold   . . .        (no shield)
rNeg    . . .        a - +0 animal skin
rPois   .            (helmet restricted)
rElec   .            (no cloak)
rCorr   .            (gloves unavailable)
SInv    .            (boots unavailable)
Will    .....        (no amulet)
Stlth   +            (no ring)
HPRegen 1.24/turn    (no ring)
MPRegen 0.12/turn

%: no teleportation
@: no status effects
A: large, unfitting armour, claws 3, regeneration 1, shaggy fur 1, tough skin 1
a: Renounce Religion, Berserk, Trog's Hand, Brothers in Arms


You were in the Dungeon.
You worshipped Trog.
Trog was extremely pleased with you.
You visited 1 branch You collected 51 gold pieces.

Inventory:

Armour
 a - a +0 animal skin (worn)
Wands
 m - a wand of flame (23)
Scrolls
 b - a scroll of fear {unknown}
 i - a scroll of torment {unknown}
 j - 3 scrolls of identify
 l - a scroll of poison {unknown}
Potions
 c - a potion of curing
 d - 2 potions of haste
 e - 2 potions of magic
 f - a potion of berserk rage
 g - a potion of brilliance {unknown}
 h - 4 potions of mutation
 k - 3 potions of might {unknown}


   Skills:
 + Level 15.8 Fighting
 + Level 15.6 Dodging
 + Level 18.3 Unarmed Combat


You had 11 spell levels left.
You didn't know any spells.
Your spell library was empty.

Dungeon Overview and Level Annotations

Branches:
Dungeon (1/1)

Altars:
Cheibriados
Dithmenos
Elyvilon
Fedhas
Gozag
Hepliaklqana
Kikubaaqudgha
Makhleb
Nemelex Xobeh
Okawaru
Qazlal
Ru
Sif Muna
Trog
Uskayaw
Vehumet
Wu Jian
Xom
Yredelemnul
Zin
The Shining One
Jiyva
Lugonu


Innate Abilities, Weirdness & Mutations

You are too large for most types of armour.
You have claws for hands.
Your natural rate of healing is unusually fast.
You are covered in fur. (AC +1)
You have tough skin. (AC +1)


Message History

The blink frog closely misses you.
You miss the blink frog. You claw the blink frog.
The blink frog is severely wounded.
The blink frog completely misses you.
You completely miss the blink frog.
The blink frog is severely wounded.
The blink frog blinks!
The blink frog hits you!
The blink frog blinks!
The blink frog blinks!
The blink frog blinks!
The blink frog hits you!
You miss the blink frog.
The azure jelly quivers.
Your claw misses the blink frog.
The blink frog is severely wounded.
The blink frog hits you!
The blink frog blinks!
You mangle the blink frog!!
You kill the blink frog!
Trog accepts your kill.
You enter the shallow water.
As you open the door, it creaks loudly!
You mangle the azure jelly!! You claw the azure jelly.
The azure jelly is moderately wounded.
The azure jelly hits you. The azure jelly freezes you!!
The azure jelly closely misses you.
The azure jelly hits you but does no damage.
The azure jelly misses you.
You scratch the azure jelly. Your claw misses the azure jelly.
The azure jelly is moderately wounded.
The azure jelly closely misses you. The azure jelly hits you!
The azure jelly freezes you!! The azure jelly hits you! x2
You are too injured to fight recklessly!
Unknown command.
Your deep troll goes berserk!
The azure jelly hits you. The azure jelly freezes you!!
* * * LOW HITPOINT WARNING * * *
The azure jelly hits you.
* * * LOW HITPOINT WARNING * * *
The azure jelly freezes you!!
You die...

▓...#~.~~§§§~÷♣♣.≈≈≈≈'
▓.PP#≈.≈§§§§~.)'.....#
▓...#~~~~§§≈≈≈♣♣♣♣♣♣♣#
▓..)#~≈≈)≈≈~≈~♣ #
▓##'####÷#######♣
▓.....[.†)†)†...♣♣
▓#+#############†♣
▓..J#~...........♣
▓..JJ@~...########♣
▓..J#~~~...........
▓...#~T~~..........
#+#############+###


You could see 4 azure jellies and a friendly deep troll (summoned, berserk).

Vanquished Creatures
  Sigmund (D)
  Gastronok (D)
  A dire elephant (D)
  Erolcha (D)
  4 death yaks (D)
  A deep elf pyromancer (D)
  2 elephants (D)
  2 black mambas (D)
  2 cane toads (D)
  A rime drake (D)
  A komodo dragon (D)
  8 blink frogs (D)
  A shadow (D)
  2 redbacks (D)
  A spatial vortex (D)
  A swamp drake (D)
  5 two-headed ogres (D)
  3 wandering mushrooms (D)
  A necrophage (D)
  A water elemental (D)
  A scorpion (D)
  14 killer bees (D)
  A jelly (D)
  A wizard (D)
  Jessica (D)
  A necromancer (D)
  3 humans (D)
  A kobold demonologist (D)
  2 endoplasms (D)
  A rat (D)
66 creatures vanquished.

Vanquished Creatures (collateral kills)
  Rupert (D)
  A dire elephant (D)
  Edmund (D)
  A queen bee (D)
  18 killer bees (D)
22 creatures vanquished.

Grand Total: 88 creatures vanquished

Notes
Turn   | Place    | Note
-------+----------+-------------------------------------------
     0 | D        | sircluck the Troll Berserker began the quest for the Orb.
     0 | D        | Reached XP level 1. HP: 22/22 MP: 0/0
     9 | D        | Noticed Jessica
    11 | D        | Killed Jessica
    11 | D        | Reached ** piety under Trog
    12 | D        | Reached skill level 4 in Unarmed Combat
    12 | D        | Reached XP level 2. HP: 32/32 MP: 1/1
    12 | D        | Reached XP level 3. HP: 39/39 MP: 2/2
    36 | D        | Reached skill level 5 in Unarmed Combat
    40 | D        | Noticed a scorpion
    50 | D        | Killed a scorpion
    50 | D        | Reached *** piety under Trog
    51 | D        | Reached skill level 5 in Fighting
    51 | D        | Reached skill level 5 in Dodging
    51 | D        | Reached skill level 6 in Unarmed Combat
    51 | D        | Reached XP level 4. HP: 25/50 MP: 3/3
    94 | D        | Noticed a water elemental
   100 | D        | Killed a water elemental
   101 | D        | Reached XP level 5. HP: 59/59 MP: 4/4
   174 | D        | Found a basalt altar of Yredelemnul.
   174 | D        | Found a shadowy altar of Dithmenos.
   174 | D        | Found a sacrificial altar of Ru.
   179 | D        | Reached skill level 7 in Unarmed Combat
   199 | D        | Found a radiant altar of Vehumet.
   199 | D        | Found a shimmering blue altar of Sif Muna.
   199 | D        | Found an ancient bone altar of Kikubaaqudgha.
   201 | D        | Reached **** piety under Trog
   202 | D        | Reached XP level 6. HP: 68/68 MP: 5/5
   205 | D        | Reached skill level 8 in Unarmed Combat
   222 | D        | Found a hide-covered altar of Uskayaw.
   222 | D        | Found an iron altar of Okawaru.
   222 | D        | Found a bloodstained altar of Trog.
   222 | D        | Found an ornate altar of the Wu Jian Council.
   222 | D        | Noticed a human
   223 | D        | Noticed a human
   228 | D        | Killed a human
   233 | D        | Killed a human
   234 | D        | Reached skill level 9 in Unarmed Combat
   234 | D        | Reached XP level 7. HP: 25/79 MP: 6/6
   283 | D        | Found a glowing silver altar of Zin.
   284 | D        | Found a glowing golden altar of the Shining One.
   284 | D        | Found a white marble altar of Elyvilon.
   284 | D        | Noticed a deep elf pyromancer
   293 | D        | Killed a deep elf pyromancer
   293 | D        | Reached ***** piety under Trog
   293 | D        | Identified the +10 war axe "Isivva Xucui" {heavy, Will+
                  | Str+3} (Trog gifted it to you in the Dungeon)
   293 | D        | Received a gift from Trog
   294 | D        | Reached skill level 10 in Unarmed Combat
   294 | D        | Reached XP level 8. HP: 51/92 MP: 7/7
   355 | D        | Found a blossoming altar of Fedhas.
   355 | D        | Found a stormy altar of Qazlal.
   355 | D        | Found a snail-covered altar of Cheibriados.
   355 | D        | Found a burning altar of Makhleb.
   355 | D        | Found a shimmering altar of Xom.
   356 | D        | Found a hazy altar of Hepliaklqana.
   356 | D        | Found an opulent altar of Gozag.
   356 | D        | Found a sparkling altar of Nemelex Xobeh.
   356 | D        | Found a corrupted altar of Lugonu.
   356 | D        | Found a viscous altar of Jiyva.
   361 | D        | Reached skill level 11 in Unarmed Combat
   392 | D        | Noticed a two-headed ogre
   398 | D        | Killed a two-headed ogre
   399 | D        | Reached skill level 10 in Fighting
   399 | D        | Reached skill level 10 in Dodging
   433 | D        | Noticed Erolcha
   434 | D        | Noticed a two-headed ogre
   440 | D        | Killed Erolcha
   441 | D        | Reached skill level 12 in Unarmed Combat
   441 | D        | Reached XP level 9. HP: 102/102 MP: 8/8
   447 | D        | Killed a two-headed ogre
   452 | D        | Received a gift from Trog
   453 | D        | Reached skill level 13 in Unarmed Combat
   565 | D        | Noticed a wandering mushroom
   570 | D        | Noticed a wandering mushroom
   572 | D        | Noticed a wandering mushroom
   634 | D        | Noticed a cane toad
   634 | D        | Noticed a komodo dragon
   634 | D        | Noticed a cane toad
   636 | D        | Killed a cane toad
   641 | D        | Killed a cane toad
   646 | D        | Killed a komodo dragon
   646 | D        | Reached ****** piety under Trog
   647 | D        | Reached XP level 10. HP: 115/115 MP: 9/9
   693 | D        | Reached skill level 14 in Unarmed Combat
   695 | D        | Identified the +1 dagger of Beycukum {heavy, rCorr Str+6
                  | Int-2} (Trog gifted it to you in the Dungeon)
   695 | D        | Received a gift from Trog
   712 | D        | Received a gift from Trog
   729 | D        | Received a gift from Trog
   737 | D        | Received a gift from Trog
   745 | D        | HP: 5/118 [poisoned by a killer bee]
   750 | D        | HP: 3/118 [poisoned by a killer bee]
   889 | D        | Noticed Edmund
   891 | D        | Noticed Sigmund
   898 | D        | Killed Sigmund
   898 | D        | Received a gift from Trog
   899 | D        | Reached skill level 15 in Unarmed Combat
   899 | D        | Reached XP level 11. HP: 97/127 MP: 10/10
   899 | D        | Killed Edmund
   986 | D        | Reached skill level 16 in Unarmed Combat
   997 | D        | Received a gift from Trog
  1076 | D        | Noticed Rupert
  1082 | D        | Killed Rupert
  1113 | D        | Noticed an azure jelly
  1113 | D        | Noticed an azure jelly
  1113 | D        | Noticed an azure jelly
  1113 | D        | Noticed an azure jelly
  1119 | D        | Noticed a dire elephant
  1119 | D        | Noticed a dire elephant
  1119 | D        | Noticed Gastronok
  1128 | D        | Killed a dire elephant
  1135 | D        | Killed a dire elephant
  1136 | D        | Reached skill level 17 in Unarmed Combat
  1141 | D        | Identified the +6 glaive "Saibepic" {antimagic, rC+ Dex+3
                  | Stlth+} (Trog gifted it to you in the Dungeon)
  1141 | D        | Received a gift from Trog
  1141 | D        | HP: 1/131 [Gastronok/the air (36)]
  1151 | D        | Killed Gastronok
  1152 | D        | Reached skill level 15 in Fighting
  1287 | D        | Noticed a death yak
  1287 | D        | Noticed a death yak
  1343 | D        | Noticed a death yak
  1353 | D        | Noticed a death yak
  1354 | D        | Reached skill level 15 in Dodging
  1356 | D        | Killed a death yak
  1359 | D        | Killed a death yak
  1364 | D        | Killed a death yak
  1365 | D        | Reached skill level 18 in Unarmed Combat
  1365 | D        | Reached XP level 12. HP: 107/143 MP: 11/11
  1375 | D        | Killed a death yak
  1376 | D        | Received a gift from Trog
  1523 | D        | HP: 7/144 [azure jelly (4)]
  1523 | D        | Demolished by an azure jelly

Illustrated notes

Levels and vault maps discovered:
D:        dungeon_sprint_mu [sprint_mu_entry_forest, sprint_mu_temple_rooms,
          sprint_mu_d1_spiders, sprint_mu_d2_genie, sprint_mu_d3_branching,
          sprint_mu_orc_legion, sprint_mu_elf_gauntlet, sprint_mu_hive_nellie,
          sprint_mu_lair_fedhas, sprint_mu_vaults_butterflies,
          sprint_mu_slime_circle, sprint_mu_swamp_cave, sprint_mu_shoals_kraken,
          sprint_mu_blade_basic, sprint_mu_crypt_lich, sprint_mu_tomb_spiral,
          sprint_mu_vestibule_basic, sprint_mu_gehenna_hellfire,
          sprint_mu_dis_giant, sprint_mu_tartarus_statrot,
          sprint_mu_cocytus_islands, sprint_mu_zot1]

Skill      XL: |  1  2  3  4  5  6  7  8  9 10 11 |
---------------+----------------------------------+-----
Fighting       | 3 5 6 7 9 10 12 13 15 | 15.8
Dodging        | 3 5 6 7 8 10 11 13 15 | 15.6
Unarmed Combat | 4 6 7 9 10 12 13 15 18 | 18.3

Action                     |  1- 3 |  4- 6 |  7- 9 | 10-12 || total
---------------------------+-------+-------+-------+-------++-------
  Melee: Unarmed           |    15 |    25 |    65 |   128 ||   233
         Punch             |       |     3 |     5 |    13 ||    21
 Invoke: Berserk           |       |     1 |     1 |     2 ||     4
         Brothers in Arms  |       |       |       |     5 ||     5
    Use: Potion            |       |       |       |     3 ||     3
         Scroll            |       |       |       |     1 ||     1
   Stab: Distracted        |       |       |       |     2 ||     2
 Armour: Animal skin       |    10 |    11 |    24 |    95 ||   140
  Dodge: Dodged            |     4 |    10 |    32 |    74 ||   120

Table legend: (Time is in decaauts)
 A = Elapsed time spent in this place.
 B = Non-inter-level travel time spent in this place.
 C = Inter-level travel time spent in this place.
 D = Time resting spent in this place.
 E = Time spent auto-exploring this place.
 F = Levels seen in this place.
 G = Mean time per level.
                   A        B        C        D        E       F      G
               +--------+--------+--------+--------+--------+-----+--------+
         Total |   1500 |   1500 |      0 |    603 |    166 |   1 | 1500.0 |
       Dungeon |   1500 |   1500 |      0 |    603 |    166 |   1 | 1500.0 |
               +--------+--------+--------+--------+--------+-----+--------+

Top non-repeatable levels by time:
       D: 1500 daAuts
